 Dungeon Crawl Stone Soup version 0.31-a0-240-gb923e448b6 (webtiles) character file.

Game seed: 2289362296789044472

79 qw the Shooter (level 4, -1/36 HPs)
             Began as a Minotaur Hexslinger on July 11, 2023.
             Killed from afar by Natasha (4 damage)
             ... with a magic dart
             ... on level 2 of the Dungeon.
             The game lasted 00:00:31 (1722 turns).

qw the Shooter (Minotaur Hexslinger)                Turns: 1722, Time: 00:00:32

Health: -1/36      AC:  6    Str: 12    XL:     4   Next: 17%
Magic:  4/4        EV: 11    Int: 10    God:
Gold:   103        SH:  0    Dex: 15    Spells: 4/5 levels left

rFire   . . .        Y - +1 sling (flame)
rCold   . . .        (no shield)
rNeg    . . .        g - +0 ring mail
rPois   .            (helmet restricted)
rElec   .            (no cloak)
rCorr   .            f - +0 pair of gloves
SInv    .            (no boots)
Will    .....        (no amulet)
Stlth   +            (no ring)
HPRegen 0.26/turn    (no ring)
MPRegen 0.09/turn

%: no passive effects
@: slowed, very slow
A: horns 2, retaliatory headbutt
a: no special abilities


You were on level 2 of the Dungeon.
You visited 1 branch of the dungeon, and saw 2 of its levels.

You collected 103 gold pieces.


Innate Abilities, Weirdness & Mutations

You have a pair of horns on your head.
You reflexively headbutt those who attack you in melee.


   Skills:
 - Level 2.0 Fighting
 + Level 4.1 Ranged Weapons
 - Level 2.0 Armour
 - Level 2.1 Dodging
 - Level 1.0 Spellcasting
 - Level 2.0 Hexes


You had 4 spell levels left.
You knew the following spells:

 Your Spells              Type           Power      Damage    Failure   Level
a - Slow                  Hex            16%        N/A       32%         1

Your spell library contained the following spells:

 Spells                   Type           Power      Damage    Failure   Level
 Inner Flame              Hex/Fire       2%         N/A       83%         3
 Portal Projectile        Hex/Tloc       4%         N/A       83%         3
 Cause Fear               Hex            2%         N/A       97%         4

Inventory:

Hand Weapons
 Y - a +1 sling of flaming (weapon)
Armour
 f - a +0 pair of gloves (worn)
 g - a +0 ring mail (worn)
Jewellery
 b - a ring of ice
Scrolls
 a - 2 scrolls of identify

Dungeon Overview and Level Annotations

Branches:
Dungeon (2/15)

Altars:

Annotations:
D:2 Natasha


Message History

Natasha mumbles some strange words.
Natasha glows brightly for a moment.
Natasha closely misses you.
The cerulean imp hits you from afar with a +1 spear.
The cerulean imp hits you from afar with a +2 spear.
Natasha wildly gestures.
You feel disoriented. Natasha claws you.
You shoot a sling bullet. The sling bullet hits Natasha.
The sling bullet burns Natasha.
Natasha is heavily wounded.
The cerulean imp closely misses you. x2; Natasha barely misses you.
The cerulean imp barely misses you.
The cerulean imp hits you from afar with a +2 spear.
Natasha closely misses you.
The cerulean imp hits you but does no damage.
You shoot a sling bullet. The sling bullet hits Natasha.
The sling bullet burns Natasha.
Natasha is almost dead.
The cerulean imp disappears in a puff of smoke!
Natasha mumbles some strange words.
The cerulean imp hits you from afar with a +1 spear.
Natasha closely misses you.
The cerulean imp hits you from afar with a +0 spear.
The cerulean imp barely misses you.
You shoot a sling bullet.
The sling bullet closely misses Natasha.
The sling bullet hits the cerulean imp!
The sling bullet burns the cerulean imp.
You kill the cerulean imp!
The cerulean imp disappears in a puff of smoke!
The cerulean imp hits you but does no damage.
Natasha howls an incantation.
Natasha shimmers violently.
Natasha claws you but does no damage.
The cerulean imp hits you from afar with a +0 spear.
Natasha growls.
Natasha stares at you and mumbles some strange words.
The magic dart hits you.
You die...

####.#..## #.# #.# #.#.#....
.........###.##### #.# #.#.#.###
####.............# #.# #.#.#.# #
# #.#...###.###.# #.# #.#.#.###
#.#..## #.###.###.# #...?....
#....# #.........# #####.###
####.# #####.######### #.# ##'##
#.#h.5....# #.# ##...##
#@#.......# #.# ##.....##
#h#.......# #.### ##.......##
#ยค5.......# #.#.#
###.........####.........####....
..'.........'....................
###.........####.........####....
##.......## ##.###.#### #.#.#
##.....## ### #.# #.### ##...##
#.# #.#


You could see Natasha and a cerulean imp (summoned).

Vanquished Creatures
  Natasha (D:2)
  An adder (D:2)
  2 dart slugs (D:1)
  6 bats
  An endoplasm (D:1)
  A giant cockroach (D:2)
  2 hobgoblins (D:1)
  6 jackals (D:1)
  3 quokkas
  8 ball pythons
  5 frilled lizards
  3 goblins (D:1)
  A kobold (D:1)
  2 rats
42 creatures vanquished.

Notes
Turn   | Place    | Note
-------+----------+-------------------------------------------
     0 | D:1      | qw the Minotaur Hexslinger began the quest for the Orb.
     0 | D:1      | Reached XP level 1. HP: 16/16 MP: 1/1
     0 | D:1      | 0 ||| qw: Version: 0.3-a-52-g30416fa
     0 | D:1      | 0 ||| qw: Game counter: 6015
     0 | D:1      | 0 ||| qw: Melee chars always use a shield: true
     0 | D:1      | 0 ||| qw: God list: Okawaru
     0 | D:1      | 0 ||| qw: Allow faded altars: false
     0 | D:1      | 0 ||| qw: Do Orc after clearing Dungeon:15 true
     0 | D:1      | 0 ||| qw: Do second Lair branch before Depths: true
     0 | D:1      | 0 ||| qw: Lair rune preference: random
     0 | D:1      | 0 ||| qw: Goals: Normal
     0 | D:1      | 0 ||| PLANNING D:1-11
   159 | D:1      | 159 ||| FLEEEEING.
   199 | D:1      | 199 ||| FLEEEEING.
   200 | D:1      | 200 ||| FLEEEEING.
   201 | D:1      | 201 ||| FLEEEEING.
   248 | D:1      | Reached skill level 3 in Ranged Weapons
   290 | D:1      | Reached XP level 2. HP: 23/23 MP: 2/2
   355 | D:1      | 355 ||| Stepping ~*~*~tactically~*~*~ (outnumbered).
   662 | D:1      | Reached XP level 3. HP: 29/29 MP: 3/3
   861 | D:1      | 861 ||| UPGRADING to +0 pair of gloves.
   866 | D:1      | 866 ||| UPGRADING to +0 ring mail.
   876 | D:1      | 876 ||| DROPPING +0 robe.
   877 | D:1      | 877 ||| READING 3 scrolls labelled XINUSTRYKHA.
   878 | D:1      | 878 ||| READING 2 scrolls labelled WOKEAWK VYOLEJ.
   879 | D:1      | 879 ||| READING scroll of brand weapon.
   879 | D:1      | 879 ||| BRANDING +1 sling of draining.
   880 | D:1      | 880 ||| READING 2 scrolls of identify.
   880 | D:1      | 880 ||| IDENTIFYING glowing cyan potion
   881 | D:1      | 881 ||| DROPPING scroll of poison.
   882 | D:1      | 882 ||| DROPPING potion of attraction.
   979 | D:2      | Reached skill level 4 in Ranged Weapons
  1165 | D:2      | Noticed Natasha
  1169 | D:2      | Killed Natasha
  1170 | D:2      | Reached XP level 4. HP: 31/36 MP: 4/4
  1395 | D:2      | Found a faded altar of an unknown god.
  1711 | D:2      | Noticed Natasha
  1713 | D:2      | 1713 ||| Stepping ~*~*~tactically~*~*~ (outnumbered).
  1715 | D:2      | 1715 ||| Stepping ~*~*~tactically~*~*~ (outnumbered).
  1720 | D:2      | HP: 8/36 [cerulean imp/+2 spear[Natasha] (4)]
  1722 | D:2      | HP: 3/36 [cerulean imp/+0 spear[Natasha] (2)]
  1722 | D:2      | Killed from afar by Natasha

Levels and vault maps discovered:
D:1:      nicolae_arrival_somewhat_less_tricky_arrival, layout_loops_ring
D:2:      layout_loops_corners, shapermc_ecumenical_altar_venn,
          supply_closet_lemuel, uniq_natasha

Skill      XL: |  1  2  3 |
---------------+----------+-----
Ranged Weapons | 3 4 |  4.1
Fighting       | 2 |  2.0
Armour         | 2 |  2.0
Dodging        | |  2.1
Spellcasting   | |  1.0
Hexes          | |  2.0

Action                     |  1- 3 |  4- 6 || total
---------------------------+-------+-------++-------
   Fire: Sling             |    86 |    23 ||   109
    Use: Scroll            |     4 |       ||     4
 Armour: Robe              |     5 |       ||     5
         Ring mail         |     3 |     6 ||     9
  Dodge: Dodged            |    31 |    14 ||    45

Table legend:
 A = Non-vault XP
 B = Vault XP
 C = Vault XP percentage of total XP
 D = Non-vault monster count
 E = Vault monster count
 F = Vault count percentage of total count
                 A         B        C        D         E       F
            +---------+---------+-------+---------+---------+-------
      Total |      79 |      35 |  30.7 |      41 |       1 |   2.4
            +---------+---------+-------+---------+---------+-------
        D:1 |      50 |       0 |   0.0 |      30 |       0 |   0.0
        D:2 |      29 |      35 |  54.7 |      11 |       1 |   8.3
            +---------+---------+-------+---------+---------+-------
